[Event "Titled Tuesday Blitz February 01 B 2022"]
[White "Fishbein, Alexander"]
[Black "Boros, Denes"]
[WhiteFideId "2000377"]
[BlackFideId "722340"]
[WhiteElo "2442"]
[BlackElo "2464"]
[Result "1/2-1/2"]
[Round "11"]
[TimeControl "180+1"]
[Date "2022.02.01"]
[WhiteClock "0:00:08"]
[BlackClock "0:00:16"]

1. e4 g6 2. d4 d5 3. exd5 Qxd5 4. c4 Qd8 5. Nc3 Bg7 6. Bf4 Nc6 7. d5 e5 8. Be3 Nd4 9. Bd3 Nf6 10. Nge2 Ng4 11. Bxd4 exd4 12. Ne4 O-O 13. h3 Ne5 14. O-O Qh4 15. f4 Nxd3 16. Qxd3 Bf5 17. N2g3 Bxe4 18. Nxe4 Rae8 19. Rae1 f5 20. Qg3 Qxg3 21. Nxg3 d3 22. Re6 Bd4+ 23. Kh2 Rxe6 24. dxe6 Re8 25. Rd1 Rxe6 26. Rxd3 Bxb2 27. Nf1 Bc1 28. Kg3 Re7 29. Rc3 Bb2 30. Rb3 Bd4 31. Rxb7 Kf7 32. Nd2 a5 33. Nf3 Bf6 34. a4 c5 35. Rb5 Re4 36. Rxc5 h6 37. Rc7+ Ke6 38. Rc6+ Kf7 39. Rc7+ Ke6 40. c5 Rxa4 41. c6 g5 42. fxg5 hxg5 43. Rc8 Rc4 44. c7 Kf7 45. Ra8 Rxc7 46. Rxa5 Kg6 47. Ne5+ Kh6 48. Nf3 Re7 49. Rxf5 Kg6 50. Rd5 Re6 51. Kg4 Re4+ 52. Kg3 Re6 53. Rd3 Re4 54. Kf2 Rf4 55. g3 Rc4 56. Rd2 Re4 57. Re2 Rc4 58. Kg2 Rc5 59. Nh2 Rc4 60. Ng4 Bg7 61. Re6+ Kf5 62. Re7 Rc2+ 63. Kf3 Bd4 64. Rf7+ Ke6 65. Rb7 Kf5 66. Rb5+ Kg6 67. Ke4 Bg7 68. Rb6+ Kh5 69. Rb7 Kg6 70. Rb6+ Kh5 71. Nf6+ Kg6 72. Nd5+ Kh7 73. Ne3 Rc3 74. Nf5 Rc2 75. Rb7 Kg6 76. Rxg7+ Kf6 77. Rd7 Re2+ 78. Ne3 Rh2 79. Rd6+ Ke7 80. Rd5 Rxh3 81. Rxg5 Kf6 82. Rg4 Ke6 83. Rf4 Rxg3 84. Rf3 Rxf3 85. Kxf3 1/2-1/2


[Site "https://www.chess.com"]

[Event "Titled Tuesday Blitz February 01 B 2022"]
[White "Gaehwiler, Gabriel"]
[Black "Ronka, Erik"]
[WhiteFideId "1314530"]
[BlackFideId "505080"]
[WhiteElo "2383"]
[BlackElo "2264"]
[Result "1-0"]
[Round "11"]
[TimeControl "180+1"]
[Date "2022.02.01"]
[WhiteClock "0:01:02"]
[BlackClock "0:00:01"]

1. Nf3 Nf6 2. g3 g6 3. Bg2 Bg7 4. O-O O-O 5. Re1 d6 6. d3 c5 7. Nbd2 Nc6 8. e3 Rb8 9. e4 e5 10. a3 b5 11. h3 a5 12. Nf1 b4 13. Ne3 h6 14. Bd2 Be6 15. Qc1 Kh7 16. b3 Nd4 17. Kh2 Qd7 18. Ng1 a4 19. axb4 axb3 20. c3 Nc6 21. Qb2 cxb4 22. c4 Nd4 23. Ne2 Nc6 24. Qxb3 Qc7 25. Reb1 Nd7 26. Nc1 Nc5 27. Qd1 f5 28. exf5 gxf5 29. Nd5 Bxd5 30. Bxd5 e4 31. Ra2 Nd4 32. Be3 Nf3+ 33. Kg2 b3 34. Nxb3 Nxb3 35. Rxb3 Rxb3 36. Qxb3 Qe7 37. Ra7 Qe5 38. Bf4 Qd4 39. Be3 Qe5 40. Qd1 f4 41. gxf4 Rxf4 42. Bxe4+ Rxe4 43. dxe4 Nh4+ 44. Kf1 Qxe4 45. Qg4 Qb1+ 46. Ke2 Qc2+ 47. Bd2 Ng6 48. h4 h5 49. Qxh5+ Kg8 50. Qd5+ Kh7 51. Qd3 Qb2 52. h5 Qe5+ 53. Kd1 Qxh5+ 54. Kc2 Qe5 55. Bc3 Qc5 56. Rxg7+ 1-0


[Site "https://www.chess.com"]

[Event "Titled Tuesday Blitz February 01 B 2022"]
[White "Hakobyan, Aram"]
[Black "Martinez Alcantara, Jose Eduardo"]
[WhiteFideId "13306677"]
[BlackFideId "3805662"]
[WhiteElo "2557"]
[BlackElo "2690"]
[Result "1/2-1/2"]
[Round "11"]
[TimeControl "180+1"]
[Date "2022.02.01"]
[WhiteClock "0:01:15"]
[BlackClock "0:01:30"]

1. d4 Nf6 2. Nf3 e6 3. g3 b5 4. Qd3 a6 5. Bg5 Bb7 6. Nbd2 Be7 7. e4 d6 8. Bg2 O-O 9. O-O Nbd7 10. Rfe1 e5 11. c3 c5 12. Rad1 Re8 13. dxe5 Nxe5 14. Nxe5 dxe5 15. Qe2 Qc7 16. Nf1 Rad8 17. Bxf6 Bxf6 18. Ne3 Rxd1 19. Rxd1 Rd8 20. Rxd8+ Qxd8 21. Nd5 c4 22. h4 Be7 23. Qe3 Bxd5 24. exd5 Qc7 25. h5 Bc5 26. Qg5 Qd6 27. Qf5 g6 28. Qc8+ Kg7 29. hxg6 hxg6 30. Qc6 1/2-1/2


[Site "https://www.chess.com"]

[Event "Titled Tuesday Blitz February 01 B 2022"]
[White "Hess, Robert"]
[Black "Moroni, Luca Jr"]
[WhiteFideId "2022036"]
[BlackFideId "865834"]
[WhiteElo "2557"]
[BlackElo "2573"]
[Result "1-0"]
[Round "11"]
[TimeControl "180+1"]
[Date "2022.02.01"]
[WhiteClock "0:00:04"]
[BlackClock "0:00:05"]

1. b3 b6 2. Bb2 Bb7 3. d3 d6 4. Nd2 Nd7 5. e4 e5 6. Nh3 Nh6 7. Qe2 Qe7 8. a4 a5 9. Nc4 Nc5 10. O-O-O O-O-O 11. f4 f6 12. g3 Kb8 13. Nf2 g6 14. Bg2 Bg7 15. Rhe1 Rhe8 16. Qd2 Nf7 17. d4 exd4 18. Bxd4 Qf8 19. Qc3 Nh6 20. Bxc5 dxc5 21. Rxd8+ Rxd8 22. Rd1 Rxd1+ 23. Kxd1 Nf7 24. Qd3 Qe7 25. Ne3 Nd6 26. Nd5 Qf7 27. c4 Qe6 28. Bh3 Qe8 29. Nxb6 Nxe4 30. Nd7+ Ka7 31. Nxe4 Bxe4 32. Qd2 Bf3+ 33. Kc1 Kb7 34. Nxc5+ Kb6 35. Qf2 Qe2 36. Nd3+ Qxf2 37. Nxf2 f5 38. Kd2 Kc5 39. Ke3 Bb7 40. Nd3+ Kd6 41. Bf1 Be4 42. c5+ Kc6 43. Ne5+ Kxc5 44. Bc4 Kb4 45. Bg8 Bc2 46. Bxh7 Bxb3 47. Bxg6 Bxa4 48. Bxf5 Bb3 49. Nc6+ Kb5 50. Nd4+ Bxd4+ 51. Kxd4 a4 52. Kc3 Bf7 53. h4 a3 54. g4 Kc5 55. h5 a2 56. Kb2 Kd4 57. h6 Ke3 58. h7 Kxf4 59. h8=Q 1-0


[Site "https://www.chess.com"]

[Event "Titled Tuesday Blitz February 01 B 2022"]
[White "Ibarra Jerez, Jose Carlos"]
[Black "Wachinger, Guenther"]
[WhiteFideId "2226332"]
[BlackFideId "4604261"]
[WhiteElo "2626"]
[BlackElo "2212"]
[Result "0-1"]
[Round "11"]
[TimeControl "180+1"]
[Date "2022.02.01"]
[WhiteClock "0:00:28"]
[BlackClock "0:00:10"]

1. b4 c6 2. Bb2 Qb6 3. a3 a5 4. c4 axb4 5. c5 Qc7 6. axb4 Rxa1 7. Bxa1 d5 8. Nf3 Nd7 9. g3 b6 10. d4 Ngf6 11. Bg2 e6 12. O-O Be7 13. Qa4 O-O 14. Rc1 Bb7 15. Nc3 Ra8 16. Qc2 b5 17. Nd2 Ne8 18. e4 Nef6 19. e5 Ne8 20. f4 Nb8 21. Ne2 Na6 22. Bc3 g6 23. g4 Bc8 24. Rf1 f5 25. exf6 Nxf6 26. h3 Bd7 27. Nf3 Ne4 28. Be1 Bf6 29. Ne5 Bxe5 30. dxe5 Rd8 31. Bxe4 dxe4 32. Bh4 Rf8 33. Qxe4 Bc8 34. Rd1 Nb8 35. Rd6 Qa7 36. Qd3 Qa2 37. Be7 Re8 38. Rd8 Bd7 39. Rxd7 Nxd7 40. Qxd7 Rxe7 41. Qxe7 Qxe2 42. Qxe6+ Kg7 43. Qf6+ Kg8 44. Qd8+ Kg7 45. Qd4 Qe1+ 46. Kg2 Qe2+ 47. Kg3 Qe1+ 48. Qf2 Qc3+ 49. Kh2 Qxb4 50. f5 Qe4 51. e6 Qe5+ 52. Kg2 Qe4+ 53. Kg3 gxf5 54. Qxf5 Qxf5 55. gxf5 b4 56. Kf4 b3 57. Ke5 b2 58. f6+ Kf8 59. Kd6 b1=Q 60. Kxc6 Qe4+ 61. Kd7 Qd4+ 62. Kc6 Qe4+ 63. Kd6 Qd4+ 64. Kc6 Qxf6 65. Kd6 Qe7+ 66. Kd5 Ke8 67. c6 Kd8 68. Ke5 Kc7 69. Kf5 Kxc6 70. h4 Kd6 71. h5 Qxe6+ 72. Kg5 h6+ 73. Kh4 Qf6+ 74. Kg3 Qg5+ 75. Kh3 Qxh5+ 76. Kg3 Qg5+ 0-1


[Site "https://www.chess.com"]

[Event "Titled Tuesday Blitz February 01 B 2022"]
[White "Isajevsky, Anton"]
[Black "Zhigalko, Sergei"]
[WhiteFideId "4142500"]
[BlackFideId "13502956"]
[WhiteElo "2510"]
[BlackElo "2662"]
[Result "0-1"]
[Round "11"]
[TimeControl "180+1"]
[Date "2022.02.01"]
[WhiteClock "0:00:01"]
[BlackClock "0:00:14"]

1. c4 e5 2. g3 Nf6 3. Bg2 c6 4. d4 exd4 5. Qxd4 Na6 6. Nf3 Bc5 7. Qd3 d5 8. a3 O-O 9. O-O Re8 10. cxd5 Qxd5 11. Qxd5 Nxd5 12. Re1 h6 13. Bd2 Nac7 14. e4 Nf6 15. Nc3 Bg4 16. h3 Bxf3 17. Bxf3 Ne6 18. Rad1 Rad8 19. Kg2 Bd4 20. Be3 Bxe3 21. Rxe3 Rxd1 22. Bxd1 Rd8 23. Kf1 b5 24. Ke1 Nc5 25. Bc2 a5 26. e5 Nd5 27. Nxd5 Rxd5 28. f4 Kf8 29. Ke2 Ke7 30. h4 g6 31. h5 gxh5 32. Kf3 Ne6 33. Be4 Rd1 0-1


[Site "https://www.chess.com"]

[Event "Titled Tuesday Blitz February 01 B 2022"]
[White "Janaszak, Dawid"]
[Black "Fieberg, Samuel"]
[WhiteFideId "1119206"]
[BlackFideId "12901717"]
[WhiteElo "2199"]
[BlackElo "2392"]
[Result "1-0"]
[Round "11"]
[TimeControl "180+1"]
[Date "2022.02.01"]
[WhiteClock "0:00:41"]
[BlackClock "0:00:44"]

1. e4 e5 2. Nf3 Nc6 3. d4 exd4 4. Nxd4 Nf6 5. Nxc6 bxc6 6. e5 Qe7 7. Qe2 Nd5 8. h4 d6 9. c4 Ba6 10. Bg5 f6 11. exf6 Qxe2+ 12. Bxe2 Nxf6 13. Nd2 Be7 14. Bf3 Bb7 15. O-O-O O-O-O 16. Rhe1 Rhe8 17. Re3 d5 18. Rde1 Bd6 19. Rxe8 Rxe8 20. Rxe8+ Nxe8 21. Be3 Kb8 22. Kc2 Be5 23. Nb3 Nd6 24. cxd5 cxd5 25. Nc5 c6 26. Nd7+ Kc7 27. Nxe5 1-0


[Site "https://www.chess.com"]

[Event "Titled Tuesday Blitz February 01 B 2022"]
[White "Jobava, Baadur"]
[Black "Holt, Conrad"]
[WhiteFideId "13601520"]
[BlackFideId "2034387"]
[WhiteElo "2617"]
[BlackElo "2586"]
[Result "1-0"]
[Round "11"]
[TimeControl "180+1"]
[Date "2022.02.01"]
[WhiteClock "0:01:10"]
[BlackClock "0:00:08"]

1. b3 d5 2. Bb2 Bg4 3. f3 Bd7 4. e3 Nc6 5. d4 e5 6. dxe5 Qe7 7. Nc3 O-O-O 8. Nxd5 Qc5 9. e4 Nge7 10. Qd2 Nxd5 11. exd5 Nb4 12. c4 Bf5 13. Rd1 f6 14. f4 Nc2+ 15. Ke2 fxe5 16. fxe5 Qb6 17. Nf3 Bb4 18. Bc3 Rhe8 19. Bxb4 Nxb4 20. Qe3 Qa5 21. Kf2 Nc2 22. Qg5 Qb6+ 23. Kg3 Be4 24. Qg4+ Kb8 25. Qxe4 1-0


[Site "https://www.chess.com"]

[Event "Titled Tuesday Blitz February 01 B 2022"]
[White "Kamsky, Gata"]
[Black "Bok, Benjamin"]
[WhiteFideId "2000024"]
[BlackFideId "1017063"]
[WhiteElo "2645"]
[BlackElo "2658"]
[Result "1-0"]
[Round "11"]
[TimeControl "180+1"]
[Date "2022.02.01"]
[WhiteClock "0:00:05"]
[BlackClock "0:00:05"]

1. e4 c5 2. Nf3 d6 3. d4 cxd4 4. Nxd4 Nf6 5. Nc3 a6 6. a4 e6 7. a5 Be7 8. Bd3 O-O 9. O-O Bd7 10. Be3 Nc6 11. Nxc6 Bxc6 12. Bb6 Qb8 13. f4 Nd7 14. Bd4 Qc7 15. Kh1 Bf6 16. Bxf6 Nxf6 17. Qe1 Rac8 18. Na4 Nd7 19. Nc3 Nc5 20. f5 Qe7 21. f6 gxf6 22. Qh4 Kh8 23. Rxf6 Rg8 24. Raf1 Rg7 25. Qf2 Rf8 26. Rf4 Nd7 27. Ne2 Ne5 28. Nd4 Bd7 29. Qh4 Qxh4 30. Rxh4 Rc8 31. Be2 Rc5 32. Ra1 Nc6 33. Nxc6 Bxc6 34. Bd3 f5 35. exf5 Bxg2+ 36. Kg1 Be4+ 37. Kf2 Bxd3 38. cxd3 Rxf5+ 39. Ke3 Re5+ 40. Kd4 Rgg5 41. b4 Rh5 42. Rxh5 Rxh5 43. Ra2 Kg7 44. Rc2 Rb5 45. Kc4 Kf6 46. Rg2 Rg5 47. Rf2+ Rf5 48. Rg2 Rf4+ 49. Kc3 Rh4 50. Kb3 Rh3 51. Kc4 h5 52. Rf2+ Ke7 53. d4 Rh4 54. Kc3 Rg4 55. Rf3 Rh4 56. Rf2 Rh3+ 57. Kc4 Re3 58. b5 Ra3 59. Kb4 Ra1 60. b6 Rb1+ 61. Kc4 Rb5 62. Rg2 Kd8 63. Rg7 Kc8 64. Rg8+ Kd7 65. Rg7+ Kd8 66. Rg8+ Kd7 67. Rg7+ Kd8 68. Rg8+ Ke7 69. Rg7+ Kf6 70. Rxb7 Rxa5 71. Ra7 Ra1 72. Ra8 Rb1 73. Rxa6 Kf5 74. Ra5+ d5+ 75. Kc5 Ke4 76. Rb5 Rc1+ 77. Kd6 Rc8 78. b7 Rb8 79. Rb4 Rxb7 80. Rxb7 Kxd4 81. Kxe6 1-0


[Site "https://www.chess.com"]

[Event "Titled Tuesday Blitz February 01 B 2022"]
[White "Khripachenko, Alexander"]
[Black "Garriga Cazorla, Pere"]
[WhiteFideId "54184975"]
[BlackFideId "32011601"]
[WhiteElo "2177"]
[BlackElo "2458"]
[Result "0-1"]
[Round "11"]
[TimeControl "180+1"]
[Date "2022.02.01"]
[WhiteClock "0:00:11"]
[BlackClock "0:00:21"]

1. d4 Nf6 2. c4 e6 3. Nf3 c5 4. d5 exd5 5. cxd5 d6 6. Nc3 g6 7. Bf4 Bg7 8. Nd2 Nh5 9. Bg3 O-O 10. e3 Nxg3 11. hxg3 Nd7 12. Be2 a6 13. a4 Re8 14. O-O Rb8 15. a5 h5 16. Nc4 Ne5 17. Nb6 Nd7 18. Nc4 Ne5 19. Nb6 Bd7 20. Rc1 Kh7 21. Qc2 Kg8 22. Rfe1 h4 23. gxh4 Qxh4 24. Nxd7 Nxd7 25. g3 Qe7 26. Kg2 b5 27. axb6 Rxb6 28. Ra1 Reb8 29. Reb1 a5 30. Rxa5 Bxc3 31. Ra7 Bg7 32. Bg4 R6b7 33. Qa4 Nb6 34. Rxb7 Qxb7 35. Qb5 Qxd5+ 36. Bf3 Qe6 37. Rd1 Nd7 38. Qc6 Be5 39. Bd5 Qe7 40. b3 Nf6 41. Bc4 Nh5 42. Qe4 Kg7 43. f4 Bf6 44. Qf3 Bb2 45. Rd2 Bc3 46. Rd3 Bb4 47. e4 Ra8 48. e5 Ra2+ 49. Kh3 dxe5 50. Qg4 Nf6 51. Qg5 exf4 52. Rf3 Qe1 53. Bf1 Qd2 0-1


[Site "https://www.chess.com"]

[Event "Titled Tuesday Blitz February 01 B 2022"]
[White "Kosakowski, Jakub"]
[Black "Cunha, Lucas Aguiar"]
[WhiteFideId "1185080"]
[BlackFideId "2125404"]
[WhiteElo "2476"]
[BlackElo "2361"]
[Result "1-0"]
[Round "11"]
[TimeControl "180+1"]
[Date "2022.02.01"]
[WhiteClock "0:01:05"]
[BlackClock "0:00:59"]

1. e4 c5 2. Nf3 e6 3. d4 cxd4 4. Nxd4 Nc6 5. Nc3 Qc7 6. g3 a6 7. Bg2 Nf6 8. O-O d6 9. Re1 Bd7 10. Nxc6 bxc6 11. Na4 Rd8 12. c4 c5 13. Nc3 Be7 14. b3 O-O 15. Bb2 Bc6 16. Qe2 Qb7 17. Nd5 exd5 18. exd5 Bxd5 19. cxd5 Rde8 20. Bxf6 Bxf6 21. Qxe8 Bxa1 22. Qc6 Qxc6 23. dxc6 Be5 24. f4 Bd4+ 25. Kf1 Rc8 26. Re7 Bf6 27. Rd7 Kf8 28. c7 1-0


[Site "https://www.chess.com"]

[Event "Titled Tuesday Blitz February 01 B 2022"]
[White "Kosteniuk, Alexandra"]
[Black "Barp, Alberto"]
[WhiteFideId "4128125"]
[BlackFideId "872555"]
[WhiteElo "2469"]
[BlackElo "2229"]
[Result "0-1"]
[Round "11"]
[TimeControl "180+1"]
[Date "2022.02.01"]
[WhiteClock "0:00:09"]
[BlackClock "0:00:08"]

1. e4 e5 2. f4 d5 3. exd5 exf4 4. Nf3 Nf6 5. Bb5+ c6 6. dxc6 Nxc6 7. d4 Bd6 8. Qe2+ Be6 9. c4 O-O 10. Bxc6 bxc6 11. O-O Re8 12. Nc3 Bf5 13. Qd1 Ng4 14. Re1 Qf6 15. Bd2 Ne3 16. Qa4 Rac8 17. c5 Bb8 18. d5 cxd5 19. Nxd5 Qxb2 20. Nxf4 Bc2 21. Qd4 Qxd4 22. Nxd4 Bxf4 23. g3 Bh6 24. Nb5 Rxc5 25. Nxa7 Bf5 26. a4 g6 27. Nb5 Rc2 28. Re2 Bd3 29. Rf2 Ng4 30. Bxh6 Nxf2 31. Kg2 Be4+ 32. Kf1 Ng4 33. Nd6 Nxh2+ 34. Ke1 Re6 35. Nxe4 Rxe4+ 36. Kd1 Rg2 37. Bc1 Nf3 38. a5 Re1# 0-1


[Site "https://www.chess.com"]

[Event "Titled Tuesday Blitz February 01 B 2022"]
[White "Lenderman, Aleksandr"]
[Black "Mladenovic, Stefan"]
[WhiteFideId "2021285"]
[BlackFideId "942227"]
[WhiteElo "2651"]
[BlackElo "2355"]
[Result "1-0"]
[Round "11"]
[TimeControl "180+1"]
[Date "2022.02.01"]
[WhiteClock "0:01:24"]
[BlackClock "0:00:02"]

1. b3 e5 2. Bb2 Nc6 3. e3 d6 4. Nf3 g6 5. d4 Bg7 6. dxe5 Nh6 7. Nc3 dxe5 8. Qxd8+ Nxd8 9. Nd5 Ne6 10. Bxe5 O-O 11. Be2 c6 12. Ne7+ Kh8 13. Bxg7+ Kxg7 14. Nxc8 Raxc8 15. O-O Nc5 16. Rfd1 Rc7 17. Bf1 Nf5 18. Nd4 Ne7 19. f3 Nd5 20. Kf2 Re7 21. e4 Nc3 22. Re1 Rd8 23. Ne2 Rd2 24. Rac1 Nxa2 25. Ke3 Nxc1 26. Kxd2 Nxe2 27. Bxe2 Rd7+ 28. Kc3 Ne6 29. Bc4 Kf6 30. g3 Nd4 31. f4 b5 32. Bd3 c5 33. Ra1 Ke7 34. Ra5 Rb7 35. Ra6 Nf3 36. h3 c4 37. bxc4 b4+ 38. Kb2 Nd2 39. c5 Rc7 40. e5 h5 41. g4 hxg4 42. hxg4 Nf3 43. Be4 Nd4 44. Bd5 Kf8 45. c6 Ne2 46. f5 gxf5 47. gxf5 Nd4 48. f6 Kg8 49. c3 bxc3+ 50. Kxc3 Nf5 51. Kd3 Kh7 52. Be4 Kg6 53. Bxf5+ Kxf5 54. Kd4 Rc8 55. Rxa7 Rc7 1-0


[Site "https://www.chess.com"]

[Event "Titled Tuesday Blitz February 01 B 2022"]
[White "LikeWater"]
[Black "Ramirez, Alejandro"]
[BlackFideId "6500617"]
[WhiteElo "2620"]
[BlackElo "2694"]
[Result "0-1"]
[Round "11"]
[TimeControl "180+1"]
[Date "2022.02.01"]
[WhiteClock "0:00:03"]
[BlackClock "0:00:55"]

1. g3 d5 2. Bg2 c6 3. f4 Nf6 4. d3 h5 5. Nf3 Bf5 6. Nc3 e6 7. O-O Bc5+ 8. e3 Nbd7 9. Qe2 a5 10. Kh1 Ba7 11. e4 Bg4 12. e5 Ng8 13. Qe1 Ne7 14. Nh4 Nf5 15. Nxf5 Bxf5 16. Bf3 f6 17. Qe2 g6 18. Nd1 fxe5 19. fxe5 Qc7 20. Bg5 Qxe5 21. Qxe5 Nxe5 22. Bf6 Nxf3 23. Bxh8 Nd2 24. Rxf5 gxf5 25. Kg2 f4 26. gxf4 Kf7 27. Be5 Rg8+ 28. Kh3 Nf3 29. d4 Bxd4 30. Bxd4 Nxd4 31. Ne3 Kf6 32. c3 Nf5 33. Re1 Nxe3 34. Rxe3 Rg4 35. Re5 Rxf4 36. Rxh5 Rf2 37. b3 Rxa2 38. Rh7 b5 39. Rc7 Rb2 40. b4 Rb3 41. Rxc6 axb4 0-1


[Site "https://www.chess.com"]

[Event "Titled Tuesday Blitz February 01 B 2022"]
[White "Manukyan, Artyom"]
[Black "Golubka, Petro"]
[WhiteFideId "13305786"]
[BlackFideId "14114224"]
[WhiteElo "2034"]
[BlackElo "2392"]
[Result "0-1"]
[Round "11"]
[TimeControl "180+1"]
[Date "2022.02.01"]
[WhiteClock "0:00:14"]
[BlackClock "0:01:25"]

1. e4 g6 2. d4 Bg7 3. Nc3 c6 4. h3 b5 5. a3 a6 6. f4 d5 7. e5 h5 8. Nf3 Nh6 9. Bd3 Bf5 10. O-O Nd7 11. Ne2 Nb6 12. c3 Qd7 13. Be3 a5 14. Bf2 a4 15. Ng5 Nc4 16. Rb1 f6 17. Nf3 O-O-O 18. Bxf5 Nxf5 19. Qc1 g5 20. b3 axb3 21. Rxb3 g4 22. Nh2 gxh3 23. g3 Qa7 24. Re1 Kd7 25. Qc2 e6 26. Nc1 fxe5 27. dxe5 Qa8 28. Nd3 Bf8 29. Nf3 Rg8 30. Ng5 Be7 31. Kh2 Bxg5 32. fxg5 Rxg5 33. Nc5+ Ke7 34. a4 h4 35. g4 Rxg4 36. Rg1 Rxg1 37. Bxg1 Rg8 38. Qd3 Rg2+ 39. Kh1 Ng3+ 0-1


[Site "https://www.chess.com"]

[Event "Titled Tuesday Blitz February 01 B 2022"]
[White "Maze, Sebastien"]
[Black "Shirov, Alexei"]
[WhiteFideId "613762"]
[BlackFideId "2209390"]
[WhiteElo "2462"]
[BlackElo "2645"]
[Result "0-1"]
[Round "11"]
[TimeControl "180+1"]
[Date "2022.02.01"]
[WhiteClock "0:00:03"]
[BlackClock "0:00:09"]

1. e4 e5 2. Nf3 Nc6 3. Bb5 a6 4. Ba4 Nf6 5. Nc3 b5 6. Bb3 Be7 7. a4 Rb8 8. axb5 axb5 9. O-O d6 10. d3 Bg4 11. Be3 Nd4 12. Bxd4 exd4 13. Nd5 Nxd5 14. Bxd5 c5 15. h3 Bh5 16. Ra7 O-O 17. g4 Bg6 18. Qd2 Kh8 19. Rfa1 h5 20. Qf4 Bh7 21. Qg3 h4 22. Qf4 g5 23. Qd2 Bf6 24. Qa5 Bg6 25. Qxd8 Rbxd8 26. R1a6 c4 27. Kg2 Kg7 28. Rb7 Rb8 29. Rxb8 Rxb8 30. Rxd6 cxd3 31. cxd3 Rc8 32. Rc6 Rxc6 33. Bxc6 b4 34. Bd5 Kf8 35. Kf1 Ke7 36. Ke2 Kd6 37. Nd2 Kc5 38. Nc4 Bg7 39. Na5 f6 40. Nb3+ Kd6 41. Nxd4 f5 42. gxf5 Bh5+ 43. Nf3 Bxb2 44. Bb3 Bd4 45. f6 Bxf6 46. Ke3 Bb2 47. d4 Bc1+ 48. Nd2 g4 49. hxg4 h3 50. e5+ Kc6 51. Bc2 Bf7 52. Kf3 Bxd2 53. Kg3 b3 54. Bb1 Bc3 55. Kxh3 Bxd4 56. f4 Kd5 57. g5 Be3 58. Kg4 Kd4 59. g6 Bc4 60. g7 Bd2 61. Kg5 b2 62. Kf6 Bxf4 63. e6 Be5+ 64. Kf7 Bxg7 65. Kxg7 Bxe6 66. Kg6 Bb3 67. Kg5 Kc3 68. Kf4 Bc2 69. Ba2 Kb4 70. Ke3 Ka3 0-1


[Site "https://www.chess.com"]

[Event "Titled Tuesday Blitz February 01 B 2022"]
[White "Melaugh, Shane"]
[Black "Musovic, Armin"]
[WhiteFideId "2509580"]
[BlackFideId "939935"]
[WhiteElo "2000"]
[BlackElo "2250"]
[Result "1-0"]
[Round "11"]
[TimeControl "180+1"]
[Date "2022.02.01"]
[WhiteClock "0:02:05"]
[BlackClock "0:02:30"]

1. e4 c6 2. d4 d5 3. exd5 cxd5 4. Bf4 Nc6 5. Nc3 a6 6. Nf3 Nf6 7. Be2 g6 8. Qd2 Ne4 9. Qd1 Qa5 10. O-O Nxc3 11. bxc3 Qxc3 12. Bd2 Qa3 13. c4 Bg7 14. cxd5 Nxd4 15. Nxd4 Bxd4 16. Bc1 Qd6 17. Qxd4 Qxh2+ 1-0


[Site "https://www.chess.com"]

[Event "Titled Tuesday Blitz February 01 B 2022"]
[White "Naroditsky, Daniel"]
[Black "Nakamura, Hikaru"]
[WhiteFideId "2026961"]
[BlackFideId "2016192"]
[WhiteElo "2608"]
[BlackElo "2850"]
[Result "0-1"]
[Round "11"]
[TimeControl "180+1"]
[Date "2022.02.01"]
[WhiteClock "0:00:11"]
[BlackClock "0:00:18"]

1. e4 c6 2. Nf3 d5 3. Nc3 Bg4 4. h3 Bxf3 5. Qxf3 e6 6. g3 g6 7. Bg2 Bg7 8. O-O Ne7 9. d3 O-O 10. Qe2 Nd7 11. f4 f5 12. e5 c5 13. Nb5 Nc6 14. c4 dxc4 15. dxc4 Nd4 16. Nxd4 cxd4 17. Rd1 Qb6 18. Qf2 Rfd8 19. Rxd4 Bf8 20. Be3 Bc5 21. Rd3 Bxe3 22. Qxe3 Nc5 23. Rd6 Rxd6 24. exd6 Rd8 25. Rd1 Rxd6 26. Rxd6 Qxd6 27. b4 Ne4 28. Bxe4 fxe4 29. Qxe4 Qd1+ 30. Kf2 Qd2+ 31. Qe2 Qd4+ 32. Kg2 Kf7 33. Qc2 h5 34. h4 Qd6 35. a3 Qd4 36. c5 a6 37. Qe2 Kf6 38. Qf3 Qd2+ 39. Kh3 Qd7 40. Qc3+ Kf7 41. Qf3 Kf6 42. Qe4 Kf7 43. a4 e5+ 44. Kg2 Qd2+ 45. Kf3 Qc3+ 46. Ke2 Qb2+ 47. Kf3 Qc3+ 48. Qe3 Qxb4 49. Qxe5 Qb3+ 50. Kg2 Qc2+ 51. Kh3 Qf5+ 52. Kg2 Qxe5 53. fxe5 Ke6 54. Kf3 Kxe5 55. Ke3 Kd5 56. Kf4 Kxc5 57. Kg5 b5 58. axb5 axb5 59. Kxg6 b4 60. g4 hxg4 61. h5 g3 62. h6 g2 63. h7 g1=Q+ 0-1


[Site "https://www.chess.com"]

[Event "Titled Tuesday Blitz February 01 B 2022"]
[White "Nazaretyan, Tigran"]
[Black "Vovk, Orest"]
[WhiteFideId "24162345"]
[BlackFideId "14113490"]
[WhiteElo "2192"]
[BlackElo "2203"]
[Result "1-0"]
[Round "11"]
[TimeControl "180+1"]
[Date "2022.02.01"]
[WhiteClock "0:01:03"]
[BlackClock "0:00:03"]

1. d4 e5 2. dxe5 Nc6 3. Nf3 Qe7 4. Bg5 Qb4+ 5. Bd2 Qxb2 6. Nc3 Bb4 7. Rb1 Qxc3 8. Bxc3 Bxc3+ 9. Nd2 Nxe5 10. Rb3 Ba5 11. Re3 d6 12. f4 Bb6 13. Re4 f5 14. Rb4 Ng4 15. Nc4 Bc5 16. Rb3 Nf2 17. Qa1 Nf6 18. Rg1 O-O 19. e3 N2e4 20. Nd2 Nxd2 21. Kxd2 Ne4+ 22. Kc1 Be6 23. Rd3 Bc4 24. Rd4 Bxf1 25. Rxf1 Bxd4 26. Qxd4 c5 27. Qd5+ Kh8 28. g4 b6 29. gxf5 Rae8 30. Rg1 Nc3 31. Qg2 Rf7 32. Kb2 Na4+ 33. Kb3 b5 34. e4 a5 35. c4 Nb6 36. cxb5 d5 37. e5 d4 38. Qc6 c4+ 39. Ka3 Rb8 40. e6 Rfb7 41. f6 gxf6 42. e7 Nd5 43. e8=Q+ 1-0


[Site "https://www.chess.com"]

[Event "Titled Tuesday Blitz February 01 B 2022"]
[White "Niemann, Hans Moke"]
[Black "Abdrlauf, Elham"]
[WhiteFideId "2093596"]
[BlackFideId "1533533"]
[WhiteElo "2636"]
[BlackElo "2334"]
[Result "1-0"]
[Round "11"]
[TimeControl "180+1"]
[Date "2022.02.01"]
[WhiteClock "0:00:28"]
[BlackClock "0:00:02"]

1. d4 Nf6 2. Nc3 d5 3. Bf4 a6 4. e3 e6 5. g4 Bb4 6. Ne2 O-O 7. g5 Nfd7 8. h4 c5 9. a3 Bxc3+ 10. Nxc3 Nc6 11. Qd2 e5 12. dxe5 d4 13. Ne4 Ndxe5 14. Be2 Bf5 15. Ng3 Bg4 16. Bxg4 Nxg4 17. Qe2 dxe3 18. fxe3 Nge5 19. O-O Re8 20. Rad1 Qc8 21. h5 Qh3 22. Qg2 Qxg2+ 23. Kxg2 Nc4 24. Rd7 Rad8 25. Rxb7 N6a5 26. Rc7 Nxb2 27. Nf5 Nac4 28. g6 Rf8 29. Bg5 Rd2+ 30. Kg3 Nd6 31. Nxd6 Rxd6 32. gxf7+ Kh8 33. Rc8 1-0


[Site "https://www.chess.com"]

[Event "Titled Tuesday Blitz February 01 B 2022"]
[White "Papp, Levente"]
[Black "Rustemov, Alexander"]
[WhiteFideId "751243"]
[BlackFideId "4119002"]
[WhiteElo "2308"]
[BlackElo "2757"]
[Result "0-1"]
[Round "11"]
[TimeControl "180+1"]
[Date "2022.02.01"]
[WhiteClock "0:00:01"]
[BlackClock "0:00:13"]

1. c4 c6 2. d4 d5 3. Nf3 Nf6 4. Nc3 dxc4 5. a4 Bf5 6. Ne5 Nbd7 7. Nxc4 Nb6 8. Ne5 a5 9. f3 Nfd7 10. Nxd7 Nxd7 11. e4 Bg6 12. Be3 e5 13. dxe5 Bc5 14. Bxc5 Nxc5 15. Qxd8+ Rxd8 16. Bc4 Rd4 17. b3 Nd7 18. Ne2 Rxc4 19. bxc4 Nxe5 20. Rb1 Nd3+ 21. Kd2 Nb4 22. Ke3 Kd7 23. Rhd1+ Kc7 24. Rd2 Re8 25. g4 f6 26. c5 Na6 27. Rc1 Re5 28. Nd4 Bf7 29. Nf5 Nxc5 30. Rcd1 Bb3 31. Rc1 g6 32. Nd4 Bxa4 33. Rxc5 Rxc5 34. Ne6+ Kb6 35. Nxc5 Kxc5 36. Kd3 b5 37. f4 Bb3 38. f5 gxf5 39. exf5 a4 40. h4 a3 41. Kc3 Bc4 42. g5 b4+ 43. Kc2 fxg5 44. hxg5 b3+ 45. Kb1 b2 46. g6 hxg6 47. fxg6 Be6 48. Rc2+ Kb4 49. g7 c5 50. Rd2 Bf5+ 51. Rc2 Bh7 52. g8=Q Bxg8 53. Rc3 Bh7+ 54. Ka2 b1=Q# 0-1


[Site "https://www.chess.com"]